[Event "4NCL Div 1 2024-25"]
[Site "England"]
[Date "2025.01.26"]
[Round "4.9"]
[White "Lupulescu, Constantin"]
[Black "Bazakutsa, Svyatoslav"]
[Result "1-0"]
[Annotator "TA"]
[ECO "E74"]
[WhiteElo "2597"]
[BlackElo "2486"]
[PlyCount "127"]
[EventDate "2024.11.23"]
[EventType "team-tourn"]
[EventCountry "ENG"]
[SourceTitle "playchess.com"]
[Source "ChessBase"]
[SourceQuality "1"]
[TimeControl "40/6000+30:3000+30"]

1. d4 Nf6 2. c4 g6 3. Nc3 Bg7 4. e4 d6 5. Be2 O-O 6. Be3 c5 7. dxc5 Qa5 8. Bd2 Qxc5 9. Nf3 Bg4 10. Be3 {[%emt 0:06:48] E74: King's Indian: Averbakh Variation: 6...c5.} Qa5 11. O-O Rc8 12. a3 {[%emt 0:10:01] The position is equal.} Nc6 13. b4 Qd8 14. Qb3 Nd7 15. Rad1 a5 $146 (15... Nce5 16. Nxe5 Nxe5 17. f3 Be6 18. Nd5 Bxd5 19. Rxd5 Qe8 20. Rfd1 Rc7 21. c5 dxc5 {1-0 Lalic,B (2585)-Krakops,M (2440) Linares Anibal op 04th 1997 (2)}) 16. h3 {[%emt 0:05:58] White is more active.} Bxf3 17. Bxf3 axb4 18. axb4 Qf8 19. Be2 Bxc3 20. Qxc3 Ra2 21. Bg4 Nce5 22. Bxd7 Nxd7 23. c5 Nf6 24. e5 dxe5 25. Qxe5 Ra6 {[%emt 0:00:20] Black is weak on the dark squares} 26. Rd3 h5 27. b5 Ra5 28. Qb2 Qe8 29. Rb1 Rca8 (29... Ra4 $16 30. Qb3 Rca8) 30. Bd2 Ra2 (30... Ra4 $16 31. c6 bxc6) 31. Qe5 $18 Rd8 32. Rxd8 Qxd8 33. Bc3 Qd3 34. Re1 Rc2 35. Bd4 (35. Qxe7 Qxc3 (35... Rxc3 $2 {too greedy.} 36. Qxf6 $18) 36. Re3 Rc1+ (36... Qxc5 37. Qxf6 Qf8 38. Re7 $16) 37. Kh2 Qd4 $19 (37... Qxc5 38. Qxf6 Qf8 39. Qd4 $16)) 35... Rd2 36. Be3 Rd1 37. Rxd1 Qxd1+ {[%emt 0:00:01][%mdl 4096] Endgame KQB-KQN} 38. Kh2 Qd7 {[%emt 0:00:23] [#]} 39. c6 $1 bxc6 40. b6 Ne8 $2 (40... Qd6 {keeps fighting.} 41. Qxd6 exd6) 41. Qb8 Qd6+ 42. Bf4 Qxb8 43. Bxb8 {[%emt 0:00:00] Strongly threatening Be5. KB-KN. Black is a pawn up.} Nf6 44. b7 Nd7 {[%emt 0:00:24] [#]} 45. Be5 f6 (45... h4 46. b8=Q+) 46. b8=Q+ (46. b8=B fxe5 (46... Nxe5 $2 47. Kg3 $19) 47. Bc7 h4 $19) 46... Nxb8 47. Bxb8 {[%emt 0:00:00] KB-KP} Kf7 48. Kg3 Ke6 49. Bc7 Kd7 50. Bb6 e5 $2 (50... Kd6 51. f4 c5) 51. f4 Ke6 52. Kf3 Kf5 53. fxe5 Kxe5 54. Ke3 {[%emt 0:00:00] Bd4+ would kill now.} Kf5 55. Bd4 g5 56. Kf3 {[%emt 0:01:59] White mates.} Ke6 57. g4 f5 58. gxh5 {[%emt 0:00:14] KB-K3P} Kf7 59. Bc3 c5 60. Bb2 c4 61. Bc3 Kg8 62. Bf6 c3 63. Bxg5 c2 64. Ke2 {[%emt 0:00:20] Weighted Error Value: White=0.05 (flawless) /Black=0.46  Mistake:       	---       	Black=4      Inaccurate:     	White=3     	Black=2      OK:         	White=25    	Black=10     Best:        	White=5     	Black=6} 1-0

[Event "4NCL Div 1 2024-25"]
[Site "England"]
[Date "2025.01.26"]
[Round "4.10"]
[White "Willow, Jonah B"]
[Black "Csonka, Balazs"]
[Result "1/2-1/2"]
[Annotator "TA"]
[ECO "C65"]
[WhiteElo "2454"]
[BlackElo "2473"]
[PlyCount "38"]
[EventDate "2024.11.23"]
[EventType "team-tourn"]
[EventCountry "ENG"]
[SourceTitle "playchess.com"]
[Source "ChessBase"]
[SourceQuality "1"]
[TimeControl "40/6000+30:3000+30"]

1. e4 e5 2. Nf3 Nc6 3. Bb5 Nf6 4. d3 Bc5 5. Bxc6 dxc6 6. O-O {[%emt 0:00:09] C65: Ruy Lopez: Berlin Defence (3...Nf6), unusual lines and 4 0-0 Bc5.} (6. Nxe5 $2 {too greedy.} Qd4 7. Qe2 Qxe5 $19) 6... Qe7 7. Nbd2 a5 8. Nc4 Nd7 9. c3 O-O 10. Re1 Rd8 $146 (10... Qe6 11. b3 b5 12. Ne3 Re8 13. Nf5 Bf8 14. Be3 a4 15. Rb1 axb3 16. axb3 c5 {½-½ Giri,A (2752)-So,W (2752) Sinquefield Cup 10th 2023 (3)}) 11. d4 exd4 {[%emt 0:01:10] The position is equal.} 12. cxd4 Bb4 13. Re2 Nb6 14. Nxb6 cxb6 15. a3 Bc5 16. Bg5 f6 17. Bh4 Qf7 {[%emt 0:06:08] Against Qb3} 18. Rd2 Bf8 19. d5 Bg4 {[%emt 0:04:38] An uneventful encounter.   Weighted Error Value: White=0.04 (flawless) /Black=0.03 (flawless)   Inaccurate:     	White=1     	---        OK:         	White=6     	Black=6      Best:        	---       	Black=1} 1/2-1/2

[Event "4NCL Div 1 2024-25"]
[Site "England"]
[Date "2025.01.26"]
[Round "4.11"]
[White "Royal, Shreyas"]
[Black "Czopor, Maciej"]
[Result "0-1"]
[Annotator "TA"]
[ECO "D41"]
[WhiteElo "2520"]
[BlackElo "2383"]
[PlyCount "126"]
[EventDate "2024.11.23"]
[EventType "team-tourn"]
[EventCountry "ENG"]
[SourceTitle "playchess.com"]
[Source "ChessBase"]
[SourceQuality "1"]
[TimeControl "40/6000+30:3000+30"]

1. d4 Nf6 2. c4 e6 3. Nf3 d5 4. Nc3 c5 5. cxd5 Nxd5 6. e4 Nxc3 7. bxc3 cxd4 8. cxd4 Bb4+ 9. Bd2 Bxd2+ 10. Qxd2 O-O 11. h4 {[%emt 0:00:08] D41: Queen's Gambit Declined: Semi-Tarrasch with 5 cxd5.} b6 12. Rd1 Bb7 13. Bd3 {[%emt 0:00:08] The position is equal.} Nc6 14. Qe3 Rc8 15. O-O Re8 16. h5 $146 (16. Bb1 Na5 17. h5 Nc4 18. Qf4 h6 19. Rfe1 Qe7 20. e5 Red8 21. Be4 b5 22. d5 Bxd5 23. Bxd5 Rxd5 24. Rxd5 exd5 {½-½ Stocek,J (2585)-Prusikin,M (2540) EU-ch 6th Warsaw 2005 (13)}) 16... h6 17. Bb1 Nb8 18. e5 Nd7 19. Rfe1 Nf8 20. Qf4 Re7 21. Nd2 Rd7 22. Ne4 Bxe4 (22... Rxd4 $2 23. Rxd4 (23. Nf6+ Qxf6 24. Rxd4 Qxf4 $16) 23... Qc7 (23... Qxd4 $2 24. Nf6+ gxf6 25. Qxd4 $18) 24. Nd6 $18) 23. Rxe4 Rc3 24. Qd2 Rdc7 25. Rg4 Kh8 26. Be4 Qc8 27. Qf4 Qe8 28. Kh2 Nh7 29. d5 f5 30. exf6 {[%emt 0:00:08] Counterplay Black} Nxf6 {[%emt 0:08:47] Successful Defense Black} (30... Qxh5+ 31. Rh4 e5 (31... Qxd1 $2 32. fxg7+ Rxg7 33. Rxh6 $18) 32. d6 (32. Rxh5 exf4 33. d6 Nxf6 $18) 32... Qxd1 33. Qxe5 gxf6 34. Qe8+ (34. dxc7 $2 fxe5 35. Rxh6 Rxc7 $19) 34... Kg7 35. Qg6+ (35. dxc7 Qd6+ 36. g3 f5 $18) 35... Kf8 36. dxc7 Qd6+ 37. f4 Rxc7 38. Qxh6+ Ke8 39. Bxh7 $18) 31. Bg6 (31. dxe6 $5 R3c4 (31... Nxg4+ 32. Qxg4 g5 33. hxg6 $18) (31... Qxh5+ 32. Kg1 $16) 32. f3 $11 (32. Re1 R7c5 $17)) 31... Qd7 {[%emt 0:06:24] [#]} (31... Nxg4+ $6 32. Qxg4 Qd8 33. d6 $16 (33. Qxe6 Re7 $15) (33. dxe6 Qf8 $18)) 32. Re1 exd5 (32... e5 $6 33. Rxe5 R3c4 (33... Qxg4 $2 34. Re8+ Ng8 35. Qxg4 $18) (33... Nxg4+ $2 34. Qxg4 Qd6 35. Qf4 $18) 34. Be4 $11 (34. Qxc4 $2 Qd6 $19)) (32... Nxg4+ $142 33. Qxg4 Qxd5 (33... exd5 34. Qxd7) 34. Qxe6 Qxe6 35. Rxe6 Rc8) 33. Rg3 $17 (33. Re8+ $2 Qxe8 34. Bxe8 R7c4 $19 (34... R3c4 35. Qd6 $15)) 33... Rxg3 34. Re8+ Qxe8 $1 35. Bxe8 Rgc3 36. Bb5 {[%emt 0:00:04] Wards off R7c4} (36. f3 $17) 36... Kg8 (36... Nxh5 37. Qf8+ Kh7 38. Bd7 $11) 37. Qf5 Re7 ({Better is} 37... d4 $19 {Threatens to win with ...R7c5.} 38. Ba4 d3) 38. f3 Rc5 39. a4 d4 40. Qf4 Rxh5+ 41. Kg1 Rhe5 42. Qxd4 g6 43. f4 Re1+ 44. Kf2 Kg7 45. Bc6 {[%emt 0:00:00] Against R1e4} R1e2+ 46. Kg3 Rc2 47. Bf3 Rc5 48. Qd6 Rf7 49. Kh2 h5 50. Qe6 {[%emt 0:00:00] Repels Rc4} (50. Kh3 $17 {might work better.}) 50... Rf5 $19 51. Kg3 {[%emt 0:00:00] [#]} h4+ $1 52. Kxh4 (52. Kh3 Rxf4) 52... Rxf4+ 53. Kh3 Rxa4 54. g4 g5 55. Bd1 Ra3+ 56. Kg2 Rd7 57. Kf2 Ra5 (57... Rxd1 58. Qe7+ Kg6 59. Qxa3 $11) 58. Ke2 (58. Bf3) 58... Rad5 {[%emt 0:00:44] ( -> ...Rd2+)} 59. Bb3 Rd4 60. Kf1 Rf4+ ({Not} 60... Nxg4 61. Qg8+ Kh6 62. Qh8+ Kg6 63. Qe8+ Kf6 64. Qe6+ Kg7 65. Qg8+ Kf6 66. Qe6+ Kg7 $11) 61. Kg1 Rxg4+ 62. Kh1 Re4 63. Qf5 Re1+ {[%emt 0:00:00] Weighted Error Value: White=0.33/Black=0.12 (very precise)   Mistake:       	White=4     	Black=2      Inaccurate:     	White=5     	Black=2      OK:         	White=20    	Black=24     Best:        	White=3     	Black=4      Strong:       	---       	Black=1} 0-1

[Event "4NCL Div 1 2024-25"]
[Site "England"]
[Date "2025.01.26"]
[Round "4.12"]
[White "Derakhshani, Borna"]
[Black "Parligras, Mircea-Emilian"]
[Result "1/2-1/2"]
[Annotator "TA"]
[ECO "B92"]
[WhiteElo "2355"]
[BlackElo "2528"]
[PlyCount "38"]
[EventDate "2024.11.23"]
[EventType "team-tourn"]
[EventCountry "ENG"]
[SourceTitle "playchess.com"]
[Source "ChessBase"]
[SourceQuality "1"]
[TimeControl "40/6000+30:3000+30"]

1. e4 c5 2. Nf3 d6 3. d4 cxd4 4. Nxd4 Nf6 5. Nc3 a6 6. Be2 e5 7. Nb3 Be7 8. Be3 Be6 9. Nd5 Nbd7 10. Qd3 O-O 11. O-O Bxd5 12. exd5 Rc8 13. c4 a5 $1 {[%emt 0:00:28][%mdl 4] is currently scoring better than 13...Ne8. B92: Sicilian Najdorf: 6 Be2.} 14. Rac1 g6 15. Bh6 {[%emt 0:03:03] The position is equal.} Re8 16. Qh3 Bf8 17. Bg5 {[%emt 0:02:57] Bg4 is in the air} Be7 18. Bh6 $146 (18. Be3 a4 19. Nd2 h5 20. b4 axb3 21. axb3 Nh7 22. Rcd1 Kg7 23. Ne4 f5 24. Bxh5 gxh5 25. Qxf5 Ndf6 26. Nxf6 Bxf6 27. Qxh5 {½-½ Refalo,J (2312)-Darnaux,P (2253) FRA-ch 2023 email}) 18... Bf8 19. Bg5 Be7 {[%emt 0:08:27] Not much happened in this game.   Weighted Error Value: White=0.06 (flawless) /Black=0.07 (flawless)   OK:         	---       	Black=2      Best:        	---       	Black=1} 1/2-1/2

[Event "4NCL Div 1 2024-25"]
[Site "England"]
[Date "2025.01.26"]
[Round "4.13"]
[White "Grieve, Harry"]
[Black "O`Donnell, Conor"]
[Result "1-0"]
[Annotator "TA"]
[ECO "C43"]
[WhiteElo "2464"]
[BlackElo "2293"]
[PlyCount "49"]
[EventDate "2024.11.23"]
[EventType "team-tourn"]
[EventCountry "ENG"]
[SourceTitle "playchess.com"]
[Source "ChessBase"]
[SourceQuality "1"]
[TimeControl "40/6000+30:3000+30"]

1. e4 e5 2. Nf3 Nf6 3. d4 Nxe4 4. dxe5 d5 5. Nbd2 Qd7 6. Nd4 {[%emt 0:00:05] C43: Petroff Defence: 3 d4.} Nc6 $146 {[%emt 0:10:28] [#]} (6... Qe7 7. N2f3 Nd7 8. Nb5 Nb6 9. Bd3 a6 10. Nc3 Bg4 11. O-O O-O-O 12. h3 Bh5 13. Qe2 {0-1 Erigaisi,A (2738)-Bu,X (2671) Shenzhen Longgang 5th 2024 (2)}) 7. e6 $1 fxe6 8. Nxc6 {[%emt 0:00:54] White is slightly better.} bxc6 9. Nxe4 dxe4 10. Qh5+ {[%emt 0:00:03] White sacrificed a pawn} g6 11. Qe5 Bg7 12. Qxe4 Qd5 {[%emt 0:07:14] Against Bc4} 13. Bd3 {[%emt 0:01:55][%cal Bf1d3,Bd3c2,Bc2e4,Be4c6][%mdl 32] A sharp opening} O-O 14. O-O Rb8 15. c3 (15. Qe2 $14) 15... Rd8 $11 16. Bc2 {[%emt 0:00:14] Black should prevent Qa4.} Ba6 {[%emt 0:00:36] And now ...Qxe4 would win.} (16... Qxe4 {simplifies} 17. Bxe4 Ba6 18. Re1 c5) 17. Re1 Bc4 (17... Qxe4 $11 18. Bxe4 (18. Rxe4 Bd3 $14) 18... c5) 18. Qg4 $16 Bxa2 19. h4 a6 $2 {[%emt 0:00:00][%mdl 8192] A mistake that costs the game.} (19... Bb3 $16) 20. Be4 $18 Qc4 21. h5 Rb5 $2 (21... Bb3 22. Bg5 (22. hxg6 Rd1 $18) 22... Rd6 23. hxg6 hxg6) 22. hxg6 {[%emt 0:05:04] Threatens to win with Qh4. White is clearly winning.} h5 23. Qh4 Rd7 {[%emt 0:00:00] [#]} 24. Rxa2 $1 Qxa2 25. Bxc6 {[%emt 0:00:18] Weighted Error Value: White=0.04 (flawless) /Black=0.56  Loses game:     	---       	Black=1      Mistake:       	White=1     	Black=2      Inaccurate:     	---       	Black=2      OK:         	White=11    	Black=7      Best:        	White=2     	---} 1-0

[Event "4NCL Div 1 2024-25"]
[Site "England"]
[Date "2025.01.26"]
[Round "4.14"]
[White "Fitzsimons, David"]
[Black "Galyas, Miklos"]
[Result "0-1"]
[Annotator "TA"]
[ECO "B12"]
[WhiteElo "2317"]
[BlackElo "2374"]
[PlyCount "102"]
[EventDate "2024.11.23"]
[EventType "team-tourn"]
[EventCountry "ENG"]
[SourceTitle "playchess.com"]
[Source "ChessBase"]
[SourceQuality "1"]
[TimeControl "40/6000+30:3000+30"]

1. e4 c6 2. d4 d5 3. e5 Bf5 4. Nd2 e6 5. Nb3 a6 6. Nf3 {[%emt 0:00:47] B12: Caro-Kann: Advance Variation.} c5 7. dxc5 Bxc5 8. Nxc5 {[%emt 0:00:10] The position is equal.} Qa5+ 9. c3 Qxc5 10. Be3 Qc7 11. Qa4+ Nc6 {[%emt 0:24:07] Black is weak on the dark squares} 12. Be2 Nge7 13. Bc5 O-O 14. O-O $146 (14. Bd6 $11 Qb6 15. Qa3) (14. Bd6 Qd7 15. Qf4 Be4 16. Ng5 Bg6 17. Qg4 h6 18. Nh3 Bf5 19. Qg3 Bxh3 20. Qxh3 {0-1 Tsetskhladze,M (1911)-Mou,I (2086) Wch U14 Girls 2023 (7)}) 14... Nxe5 15. Nxe5 {[%emt 0:06:44] White sacrificed a pawn. A sharp opening} Qxe5 (15... Qxc5 16. Nd7 Qc7 17. Nxf8 Rxf8 18. Rfe1 $14) 16. Rfe1 (16. Bxe7 $11 {might be stronger.} Rfe8 (16... Qxe2 17. Bxf8 Rxf8 18. Qb4 $16) 17. Bxa6) 16... Qc7 $15 17. Qb4 Nc6 18. Qb3 Rfe8 19. Rad1 b5 20. a4 Na5 21. Qb4 Nc4 {[%emt 0:01:30] Inhibits Bd6.} 22. Bxc4 bxc4 23. Bd6 Qc6 24. a5 Bd3 25. Qb6 Rac8 26. b4 Qd7 27. Bg3 (27. Qxa6 $2 Rc6 28. Qb5 Qxd6 $19 (28... Rxd6 $2 29. Qxd7 Rxd7 30. b5 $19)) 27... Rc6 28. Qd4 f6 29. f4 Qe7 30. h3 Be4 31. Rd2 e5 $36 {[%emt 0:01:15][%mdl 2048] Black is in control.} 32. Qe3 Re6 33. Rf2 (33. Rdd1 $17) 33... g5 34. fxe5 {[%emt 0:02:01] [#]} f5 ({Don't take} 34... fxe5 35. Ra2 $17) 35. Bh2 (35. Qc5 $142) 35... f4 $19 36. Qd4 Rxe5 {[%emt 0:00:07] aiming for ...Bd3.} 37. Rb2 $2 (37. Rd2 {might work better.}) 37... Bd3 38. Rxe5 Qxe5 39. Qxe5 Rxe5 {[%emt 0:00:04][%mdl 4096] Endgame KRB-KRB. Black is a pawn up.} 40. Kf2 {[%emt 0:00:56] [#] Against Re1} d4 $1 41. cxd4 c3 42. Rc2 Bxc2 43. dxe5 {[%emt 0:00:00] KB-KB} Be4 {[%emt 0:00:00] ( -> ...c2)} 44. Ke2 (44. Ke1 $142 Bxg2 45. Kd1) 44... Bxg2 {[%emt 0:00:00] ( -> ...f3+)} 45. Kd3 Bxh3 46. Kxc3 Kf7 {[%emt 0:00:00] ( -> ...Bg2)} 47. Kd4 Ke6 48. Bg1 Bg2 49. Bh2 h5 50. Bg1 h4 51. Bh2 h3 {[%emt 0:00:00] Weighted Error Value: White=0.43/Black=0.02 (flawless)   Mistake:       	White=6     	---        Inaccurate:     	White=3     	---        OK:         	White=12    	Black=19     Best:        	White=5     	Black=5} 0-1

[Event "4NCL Div 1 2024-25"]
[Site "England"]
[Date "2025.01.26"]
[Round "4.15"]
[White "Wu, Li"]
[Black "Kalaiyalahan, Akshaya"]
[Result "1-0"]
[Annotator "TA"]
[ECO "D36"]
[WhiteElo "2318"]
[BlackElo "2130"]
[PlyCount "119"]
[EventDate "2024.11.23"]
[EventType "team-tourn"]
[EventCountry "ENG"]
[SourceTitle "playchess.com"]
[Source "ChessBase"]
[SourceQuality "1"]
[TimeControl "40/6000+30:3000+30"]

1. c4 Nf6 2. Nc3 e6 3. d4 d5 4. cxd5 exd5 5. Bg5 Be7 6. e3 c6 7. Bd3 Nbd7 8. h3 Nf8 9. Nf3 Ne6 10. Bh4 O-O 11. Qc2 g6 12. O-O Ng7 13. Bxf6 Bxf6 {[%emt 0:00:05] D36: Queen's Gambit Declined: Exchange Variation: Main line (5 Bg5 c6 6 Qc2).} 14. b4 Bf5 15. Rfc1 $146 (15. b5 Rc8 16. bxc6 bxc6 17. Na4 Bxd3 18. Qxd3 Ne6 19. Rac1 Qa5 20. Nc5 Nxc5 21. Rxc5 Qxa2 {½-½ Vahidov,T (2401)-Osmak,I (2438) PNWCC Online blitz JP 16th 2020 (8)}) 15... Rc8 {[%emt 0:06:35] The position is equal.} 16. Rab1 a6 17. Na4 Bxd3 18. Qxd3 Nf5 19. Nc5 Nd6 20. g3 Re8 21. Kg2 Rc7 22. Rb3 Bg7 23. a4 h5 24. h4 Bf6 25. Qb1 Qe7 26. Nd3 Nc4 27. Qa2 Rec8 28. Re1 Qe8 29. Nf4 Nd6 30. b5 axb5 31. axb5 Nxb5 32. Rxb5 cxb5 33. Nxd5 Qe6 34. e4 $1 Rc2 35. Qb1 Bd8 {[%emt 0:01:01] Counterplay White} 36. Qxb5 b6 37. Ne5 {[%emt 0:05:12][%mdl 1024] White has compensation. Excellent horsemanship.} Kg7 38. Re3 Bc7 $1 39. Nd3 Qe8 40. Qb3 Rc6 {[%emt 0:00:30] [#]} (40... Bd8 $1 $14) 41. e5 $1 $16 {[%emt 0:21:27] White plays in the center White is much more active.} Qd7 42. N5b4 Re6 (42... b5 $16) 43. d5 $18 Ree8 44. Nc6 Bd8 {[%emt 0:02:39][%cal Bc7d8,Bd8e7,Be7f6,Bf6h4][%mdl 32] Black is weak on the dark squares} 45. Rf3 Rf8 (45... Bc7 {was necessary.} 46. Qc4 Bd8) 46. Qc4 Qb7 $2 (46... Qg4 47. Rf4 Qd7) 47. Qe4 Be7 48. Nf4 b5 49. e6 {[%emt 0:09:17] White wants to mate with exf7.} f5 50. Qd4+ Bf6 51. Qc5 Rfe8 52. Rb3 Qc7 53. Rxb5 {[%emt 0:01:07] and Qb4 would now be decisive} Bxh4 54. d6 $2 (54. Qb4 $18 Be7 55. Nxe7 Rxe7 56. d6 Qc6+ 57. Kh2) 54... Qxc6+ $11 55. Qxc6 Rxc6 56. d7 {[%emt 0:00:07] The board is on fire.} Rexe6 (56... Rd8 $11 57. gxh4 Kf6) 57. Nxe6+ $2 (57. gxh4 $18 Red6 58. Ne6+ Kf6 59. d8=Q+ (59. d8=R Rxe6 60. Rb4 Re4 $11) 59... Rxd8 60. Nxd8) 57... Rxe6 58. gxh4 Rd6 59. Rb7 Kf6 $2 {[%emt 0:00:04][%mdl 8192] [#]} (59... Kf8 $11) 60. Rb6 $3 {[%emt 0:00:08][%mdl 512] Weighted Error Value: White=0.32/Black=0.59  Loses game:     	---       	Black=2      Missed win:     	White=1     	---        Mistake:       	---       	Black=4      Inaccurate:     	---       	Black=4      OK:         	White=17    	Black=9      Best:        	White=5     	Black=1      Strong:       	White=1     	Black=1      Brilliant:      	White=1     	---} 1-0

[Event "4NCL Div 1 2024-25"]
[Site "England"]
[Date "2025.01.26"]
[Round "4.16"]
[White "Sygnowski, Tomasz"]
[Black "Terbe, Julianna"]
[Result "0-1"]
[Annotator "TA"]
[ECO "B33"]
[WhiteElo "2101"]
[BlackElo "2225"]
[PlyCount "66"]
[EventDate "2024.11.23"]
[EventType "team-tourn"]
[EventCountry "ENG"]
[SourceTitle "playchess.com"]
[Source "ChessBase"]
[SourceQuality "1"]
[TimeControl "40/6000+30:3000+30"]

1. e4 c5 2. Nf3 Nc6 3. d4 cxd4 4. Nxd4 Nf6 5. Nc3 e5 6. Nxc6 bxc6 7. Bd3 Bc5 8. O-O O-O 9. Bg5 h6 10. Bh4 a5 {[%emt 0:01:29] The position is equal.} 11. Kh1 g5 12. Bg3 Qe7 13. h4 (13. Na4 $11 {remains equal.}) 13... d6 14. Qe2 (14. Na4 $142) 14... Kg7 15. Nd1 Bg4 16. Qd2 Nh5 17. Bh2 gxh4 {[%emt 0:03:24] Black has more active pieces.} 18. Be2 ({Avoid the trap} 18. f3 $2 Ng3+ 19. Bxg3 hxg3 $19) (18. Ne3 $17 Be6 19. Nf5+ Bxf5 20. exf5) 18... Bxe2 $19 19. Qxe2 Qg5 20. Nc3 a4 21. Rad1 Kh7 22. Qf3 f5 23. Qh3 f4 24. b3 axb3 25. axb3 Rad8 26. Rd3 Rf6 27. Ne2 (27. Nb1 {was worth a try.}) 27... Rg8 28. Ng1 Rfg6 29. Nf3 (29. b4 $142 Bxb4 (29... Qxg2+ $2 {too greedy.} 30. Qxg2 Rxg2 31. bxc5 $18) 30. Nf3 Qxg2+ 31. Qxg2 Rxg2 32. Nxh4) 29... Qxg2+ 30. Qxg2 Rxg2 31. Nxh4 {[%emt 0:00:07] White is weak on the dark squares} Rxf2 32. Rxf2 Bxf2 33. Rxd6 $2 {[%emt 0:00:15] [#]} (33. Nf5 Bc5 34. b4 Bxb4 35. Bg1) 33... Bxh4 {[%emt 0:00:17] Weighted Error Value: White=0.45/Black=0.07 (flawless) .  Mistake:       	White=6     	---        Inaccurate:     	White=1     	Black=1      OK:         	White=10    	Black=14     Best:        	---       	Black=2} 0-1

[Event "4NCL Div 1 2024-25"]
[Site "England"]
[Date "2025.01.26"]
[Round "4.17"]
[White "Makkar, Rajat"]
[Black "Eggleston, David J"]
[Result "1/2-1/2"]
[Annotator "TA"]
[ECO "E11"]
[WhiteElo "2432"]
[BlackElo "2339"]
[PlyCount "100"]
[EventDate "2024.11.23"]
[EventType "team-tourn"]
[EventCountry "ENG"]
[SourceTitle "playchess.com"]
[Source "ChessBase"]
[SourceQuality "1"]
[TimeControl "40/6000+30:3000+30"]

1. d4 Nf6 2. c4 e6 3. Nf3 Bb4+ 4. Nbd2 O-O 5. a3 Be7 6. e4 d6 {[%emt 0:00:09][%cal Oe6e5] E11: Bogo-Indian.} 7. Be2 $1 {[%emt 0:00:04] 7.Be2 is better than 7.Bd3.} Nc6 8. b4 e5 {[%emt 0:01:37] White is slightly better.} 9. dxe5 Nxe5 10. Nxe5 dxe5 11. Bb2 {[%emt 0:00:32] Wards off Qd4} Re8 $146 (11... a5 12. Bc3 axb4 13. axb4 Rxa1 14. Qxa1 b6 15. O-O Bb7 16. f3 Bd6 17. Qa7 Bc6 {½-½ Bolado Saez,S (2360)-Moreno Ruiz,J (2461) Madrid-chT 1819 2018 (9.2)}) 12. Bxe5 Bxb4 13. axb4 Rxe5 14. f4 Re8 15. e5 Ng4 16. Bxg4 (16. Nf3 $5) 16... Qh4+ 17. g3 Qxg4 18. Qxg4 Bxg4 19. h3 Be6 20. g4 a6 21. Rh2 (21. Ke2 $11) 21... Rad8 $15 22. f5 (22. O-O-O $15) 22... Bc8 $1 $17 23. Re2 Rd3 24. O-O-O Rxh3 25. Ne4 h5 $2 (25... Rxe5 26. Rd8+) (25... Rh4 $1 $19 26. Rg1 h6 (26... Rxe5 27. Rd1 $11)) 26. e6 $1 $11 fxe6 27. fxe6 (27. f6 $1 $11 hxg4 28. Rf2) 27... hxg4 $19 (27... Bxe6 28. Ng5 Rc3+ 29. Kb2 $11) 28. e7 Bf5 (28... Rxe7 29. Rd8+ Kf7 30. Rxc8 $16) 29. Rd8 Bg6 30. Ng5 {[%emt 0:00:38][%cal Oe2f2] [#] And now Rf2! would win.} Rh1+ $1 (30... Rc3+ $2 31. Kb2 Rf3 (31... Rxc4 $2 32. Rf2 $18) 32. Nxf3 gxf3 33. Re3 $18) 31. Kb2 {[%emt 0:01:10] [#]} g3 {[%emt 0:00:29] Wards off Rf2} (31... Rb1+ 32. Ka2 Rf1 (32... Rxb4 33. Rf2 Bb1+ 34. Ka3) 33. Ne6 $11) 32. Ka3 {[%emt 0:02:01] [#]} g2 $1 33. Rxg2 Re1 34. Rgd2 R1xe7 35. b5 axb5 36. cxb5 Rxd8 37. Rxd8+ {[%emt 0:00:08][%mdl 4096] Endgame KRB-KRN. Black is two pawns up.} Be8 38. Rc8 g6 39. Kb4 Re5 (39... Kg7 $19 {has better winning chances. And now ...Kf6 would win.} 40. Rxc7 Rxc7 41. Ne6+ Kf6 42. Nxc7 Bd7) 40. Nf3 $17 Re7 ({Not} 40... Rxb5+ 41. Kc4 $14) (40... Re3 $17 41. Nd4 Re7) 41. Ng5 $1 $19 Kf8 42. Rxc7 Rxc7 43. Ne6+ Ke7 44. Nxc7 {[%emt 0:00:00] KB-KN. Black is a pawn up.} Bf7 45. Kc5 g5 46. Kd4 Kd6 47. b6 Bg6 48. Ke3 Kc6 ({Better is} 48... Bf5 $17 49. Nb5+ Kc5) 49. Na8 (49. Ne6 $11 {was the only way to keep the balance.}) 49... Bf5 50. Kf3 Be6 {[%emt 0:00:00] Weighted Error Value: White=0.25 (precise) /Black=0.24 (precise)   Loses game:     	White=1     	---        Missed win:     	---       	Black=1      Mistake:       	White=3     	Black=3      Inaccurate:     	White=2     	Black=1      OK:         	White=12    	Black=20     Best:        	White=5     	Black=3      Strong:       	White=2     	Black=2} 1/2-1/2